 Dungeon Crawl Stone Soup version 0.24-a0-201-gf205589 (webtiles) character file.

Game seed: 10289575442796778925

1094 Ijustatesigmund the Cutter (level 8, -7/54 HPs)
             Began as an Octopode Artificer on Mar 21, 2019.
             Was an Initiate of Makhleb.
             Mangled by an orc warrior
             ... wielding a +0 glaive
              (22 damage)
             ... on level 6 of the Dungeon.
             The game lasted 00:16:38 (7687 turns).

Ijustatesigmund the Cutter (Octopode Artificer)     Turns: 7687, Time: 00:16:39

Health: -7/54      AC: -2    Str: 12    XL:     8   Next: 31%
Magic:  12/12      EV: 14    Int: 13    God:    Makhleb [......]
Gold:   227        SH:  0    Dex: 14    Spells: 7/7 levels left

rFire    . . .     SeeInvis .   a - +0 rapier (curse)
rCold    . . .     Gourm    .   (no shield)
rNeg     . . .     Faith    .   (helmet restricted)
rPois    +         Spirit   .   m - amulet of inaccuracy (curse)
rElec    .         Reflect  .   e - ring of attention (curse)
rCorr    +         Harm     .   h - -3 ring of protection (curse)
MR       .....                  o - ring of resist corrosion
Stlth    +++.......             p - ring of poison resistance
HPRegen  0.18/turn              (no ring)
MPRegen  0.13/turn              (no ring)
                                (no ring)
                                (no ring)

@: hasted, very quick
A: almost no armour, stealthy swim, amphibious, 8 rings, constrict 8, camouflage
1, gelatinous body 1
a: Renounce Religion


You were on level 6 of the Dungeon.
You worshipped Makhleb.
Makhleb was noncommittal.
You were not hungry.

You visited 2 branches of the dungeon, and saw 7 of its levels.

You collected 227 gold pieces.

Inventory:

Hand Weapons
 a - a cursed +0 rapier (weapon)
Missiles
 u - 3 silver javelins (quivered)
Jewellery
 e - a cursed ring of attention (left tentacle)
 h - a cursed -3 ring of protection (right tentacle)
 m - a cursed amulet of inaccuracy (around mantle)
 n - an uncursed amulet of magic regeneration
 o - a ring of resist corrosion (on tentacle)
 p - a ring of poison resistance (on tentacle)
Wands
 b - a wand of flame (5)
 c - a wand of enslavement (4)
 d - a wand of random effects (3)
Scrolls
 i - 2 scrolls of enchant weapon
 j - 2 scrolls of blinking
 q - a scroll of amnesia
 r - a scroll of teleportation
Potions
 g - 2 potions of brilliance
 k - a potion of curing
 v - a potion of magic {unknown}
 w - a potion of flight
 x - a potion of ambrosia {unknown}
Comestibles
 f - 16 rations
 l - a chunk of flesh


   Skills:
 - Level 4.0 Fighting
 + Level 5.5 Short Blades
 - Level 3.3 Dodging
 - Level 4.3 Stealth
 + Level 5.3 Invocations
 - Level 3.2 Evocations


You had 7 spell levels left.
You didn't know any spells.
Your spell library contained the following spells:

 Spells                   Type           Power        Failure   Level  Hunger
 Blink                    Tloc           N/A          43%         2    ###....
 Shroud of Golubria       Chrm/Tloc      #.........   43%         2    ###....
 Gell's Gravitas          Tloc           #.........   67%         3    ####...
 Lesser Beckoning         Tloc           #.........   67%         3    ####...
 Teleport Other           Tloc           #.......     67%         3    ####...
 Passage of Golubria      Tloc           N/A          97%         4    #####..


Dungeon Overview and Level Annotations

Branches:
Dungeon (6/15)             Temple (1/1) D:4

Altars:
Ashenzari
Dithmenos
Elyvilon
Gozag
Hepliaklqana
Kikubaaqudgha
Makhleb
Nemelex Xobeh
Qazlal
Ru
Trog
Uskayaw
Vehumet
Xom
Yredelemnul
Zin

Shops:
D:4 [   D:5 ?

Annotations:
D:5 3 runed translucent doors, George's ghost, novice GrFi


Innate Abilities, Weirdness & Mutations

You cannot wear most types of armour.
You are very stealthy in the water. (Stealth+)
You are amphibious.
You can wear up to eight rings at the same time.
You can use your tentacles to constrict eight enemies at once.
Your skin changes colour to match your surroundings (Stealth+).
Your rubbery body absorbs attacks. (AC +1, EV +1)


Message History

The orc warrior is lightly wounded.
You constrict the orc warrior.
The orc warrior hits you with a +0 glaive!!
* * * LOW HITPOINT WARNING * * *
You are too injured to fight recklessly!
You are too injured to fight recklessly!
You are too injured to fight recklessly!
You are too injured to fight recklessly!
You are too injured to fight recklessly!
You are too injured to fight recklessly!
You are too injured to fight recklessly!
You are too injured to fight recklessly!
You are too injured to fight recklessly!
You are too injured to fight recklessly!
You are too injured to fight recklessly!
You feel yourself speed up.
You constrict the orc warrior, but do no damage.
You release your grip on the orc warrior.
The orc warrior hits you from afar with a +0 glaive!!
You die...

..........................#......
.............................##.
#########................##..#
#................#...###
#.....................)#
##.....................#+
#..........a.###........
#.###....o.#.# #........ #.#
#$.@.....# #........
..##.!†....##.........(.
..###.......#..##......(. ...
#..##......# #....(... ... ....
...####........... .###. ..##
.......#... . #.#### .........##
.[ .......### ......


You could see an orc warrior and a worker ant.

Vanquished Creatures
  Sigmund (D:4)
  3 ogres
  A bullfrog (D:6)
  A jelly (D:6)
  2 orc priests
  A hound (D:6)
  An iguana (D:4)
  3 orc wizards (D:6)
  6 worker ants
  A hound skeleton (D:6)
  8 adders
  2 oozes
  A worm (D:2)
  4 dart slugs
  4 leopard geckos
  7 orcs
  A ball python (D:6)
  8 bats
  6 giant cockroaches
  5 goblins
  7 hobgoblins
  3 jackals (D:1)
  2 quokkas
  3 frilled lizards
  7 kobolds
  A leopard gecko zombie (D:5)
  14 rats
103 creatures vanquished.

Vanquished Creatures (collateral kills)
  A phantom (D:4)
  A centaur (D:6)
  A scorpion (D:5)
  An adder (D:6)
  A kobold (D:1)
5 creatures vanquished.

Vanquished Creatures (others)
  2 orcs (D:4)
  A hobgoblin (D:1)
3 creatures vanquished.

Grand Total: 111 creatures vanquished

Notes
Turn   | Place    | Note
-------+----------+-------------------------------------------
     0 | D:1      | Ijustatesigmund the Octopode Artificer began the quest for
                  | the Orb.
     0 | D:1      | Reached XP level 1. HP: 13/13 MP: 3/3
   133 | D:1      | Reached XP level 2. HP: 18/18 MP: 4/4
   653 | D:1      | Reached XP level 3. HP: 21/24 MP: 5/5
  1536 | D:2      | Reached XP level 4. HP: 30/30 MP: 6/6
  2837 | D:3      | Found a sacrificial altar of Ru.
  3041 | D:3      | Found a shimmering altar of Xom.
  3368 | D:3      | Reached XP level 5. HP: 36/36 MP: 7/7
  4256 | D:4      | Noticed an ogre
  4274 | D:4      | Noticed a phantom
  4285 | D:4      | Killed a phantom
  4484 | D:4      | Killed an ogre
  4484 | D:4      | Reached XP level 6. HP: 43/43 MP: 8/8
  4689 | D:4      | Found a staircase to the Ecumenical Temple.
  4695 | Temple   | Entered the Ecumenical Temple
  4901 | Temple   | Became a worshipper of Makhleb the Destroyer
  4951 | D:4      | Noticed Sigmund
  5013 | D:4      | Killed Sigmund
  5013 | D:4      | Reached XP level 7. HP: 29/48 MP: 9/9
  5072 | D:4      | Found a glowing silver altar of Zin.
  5131 | D:4      | Found Gucw's Armour Boutique.
  5150 | D:4      | Found an ancient bone altar of Kikubaaqudgha.
  5243 | D:4      | Found a white marble altar of Elyvilon.
  6347 | D:5      | Entered Level 5 of the Dungeon
  6363 | D:5      | Found Jagro's Magic Scroll Boutique.
  6411 | D:5      | Noticed George's ghost (novice GrFi)
  6412 | D:5      | Found a runed translucent gate.
  6413 | D:5      | Found a runed translucent gate.
  6414 | D:5      | Found a runed translucent gate.
  6662 | D:5      | HP: 2/48 [ogre/cursed -2 giant club (16)]
  7103 | D:6      | Reached XP level 8. HP: 32/54 MP: 11/11
  7138 | D:6      | Reached skill level 5 in Short Blades
  7379 | D:6      | Reached skill level 5 in Invocations
  7687 | D:6      | Mangled by an orc warrior

Levels and vault maps discovered:
D:1:      psy_arrival_dodecagon, layout_basic
D:2:      layout_basic
D:3:      layout_basic, lemuel_doored_altar, old_standard_altar, corner_web_ring
D:4:      layout_gridville, overflow_temple_1_default, elyvilon_altar_1,
          lemuel_crystal_altar, minmay_temple_entry_glassed_door, serial_shops,
          shop, uniq_sigmund
D:5:      layout_basic, first_ration, gammafunk_ghost_nasty_kobolds,
          serial_shops, shop
D:6:      layout_rooms, lemuel_coloured_pillars_altar, kennysheep_little_box,
          serial_shops, kennysheep_mini, portal_sewer_entry_d, uniq_menkaure,
          uniq_eustachio
Temple:   minmay_temple_curvy_loop

Skill      XL: |  1  2  3  4  5  6  7  8 |
---------------+-------------------------+-----
Stealth        | 2 3 4 |  4.3
Fighting       | 2 3 4 |  4.0
Short Blades   | 2 3 4 5 |  5.5
Dodging        | 3 |  3.3
Invocations    | 2 4 5 |  5.3
Evocations     | |  3.2

Action                   |  1- 3 |  4- 6 |  7- 9 || total
-------------------------+-------+-------+-------++-------
Melee: Short sword       |    63 |    70 |       ||   133
       Constrict         |    17 |    21 |    24 ||    62
       Tentacles         |     9 |    13 |    22 ||    44
       Rapier            |       |    58 |   103 ||   161
Throw: Javelin           |       |       |     2 ||     2
Evoke: Wand              |     8 |    11 |    14 ||    33
  Use: Potion            |     1 |     5 |     4 ||    10
       Scroll            |     4 |     6 |     5 ||    15
 Stab: Sleeping          |     6 |     8 |     2 ||    16
  Eat: Chunk             |     2 |     5 |     7 ||    14
       Ration            |       |     2 |       ||     2
Dodge: Dodged            |    35 |    95 |    77 ||   207

Table legend:
 A = Non-vault XP
 B = Vault XP
 C = Vault XP percentage of total XP
 D = Non-vault monster count
 E = Vault monster count
 F = Vault count percentage of total count
                 A         B        C        D         E       F
            +---------+---------+-------+---------+---------+-------
      Total |    1358 |     205 |  13.1 |     107 |       1 |   0.9
            +---------+---------+-------+---------+---------+-------
        D:1 |      51 |       0 |   0.0 |      27 |       0 |   0.0
        D:2 |      75 |       0 |   0.0 |      20 |       0 |   0.0
        D:3 |      81 |       0 |   0.0 |      23 |       0 |   0.0
        D:4 |     484 |     205 |  29.8 |      15 |       1 |   6.2
        D:5 |     224 |       0 |   0.0 |       6 |       0 |   0.0
        D:6 |     443 |       0 |   0.0 |      16 |       0 |   0.0
            +---------+---------+-------+---------+---------+-------
